 Dungeon Crawl Stone Soup version 0.30-a0-210-g01b79a254e (webtiles) character file.

Game seed: 4704509010308158034

9713 Sobieck the Destroyer (level 11, -11/54 HPs)
             Began as a Kobold Conjurer on Oct 3, 2022.
             Was a Priest of Vehumet.
             Mangled by a wyvern (15 damage)
             ... on level 1 of the Lair of Beasts on Oct 4, 2022.
             The game lasted 00:31:04 (12989 turns).

Sobieck the Destroyer (Kobold Conjurer)            Turns: 12989, Time: 00:31:05

Health: -11/54     AC:  5    Str:  5    XL:     11   Next: 79%
Magic:  24/34      EV: 14    Int: 24    God:    Vehumet [***...]
Gold:   606        SH:  0    Dex: 13    Spells: 19/30 levels left

rFire   . . .      SeeInvis .    a - +2 dagger (protect) {short}
rCold   . . .      Faith    .    (no shield)
rNeg    . . .      Spirit   .    D - +0 robe
rPois   +          Reflect  .    A - +0 helmet
rElec   .          Harm     .    n - +0 cloak
rCorr   .          Rampage  .    w - +0 pair of gloves
Will    .....                    (no boots)
Stlth   +++.......               (no amulet)
HPRegen 0.29/turn                I - ring of poison resistance
MPRegen 0.24/turn                y - ring of magical power

@: frozen, very slow
A: small, no large weapons, nightstalker 3
a: Renounce Religion


You were on level 1 of the Lair of Beasts.
You worshipped Vehumet.
Vehumet was most pleased with you.
You visited 3 branches of the dungeon, and saw 12 of its levels.
You also visited: Ossuary.

You collected 606 gold pieces.


Innate Abilities, Weirdness & Mutations

You are small and have problems with some larger weapons.
You are completely attuned to the shadows.


   Skills:
 - Level 2.4 Dodging
 - Level 2.6 Stealth
 - Level 10.0 Spellcasting
 + Level 12.8 Conjurations
 - Level 6.0 Hexes
 - Level 6.0 Translocations


You had 19 spell levels left.
You knew the following spells:

 Your Spells              Type           Power      Damage    Failure   Level
a - Magic Dart            Conj           100%       1d8       1%          1
b - Searing Ray           Conj           100%       2d8       1%          2
c - Fulminant Prism       Conj/Hex       27%        3d14      1%          4
d - Iskenderun's Mystic   Conj/Tloc      55%        2d12      1%          4

Your spell library contained the following spells:

 Spells                   Type           Power      Damage    Failure   Level
 Frozen Ramparts          Ice            24%        1d4       4%          3
 Foxfire                  Conj/Fire      100%       2x1d9     1%          1
 Dazzling Flash           Conj/Hex       100%       N/A       1%          3
 Inner Flame              Hex/Fire       26%        N/A       1%          3
 Portal Projectile        Hex/Tloc       80%        N/A       1%          3
 Tukima's Dance           Hex            40%        N/A       1%          3
 Flame Wave               Conj/Fire      42%        2d11      1%          4
 Sticky Flame             Conj/Fire      42%        2d6       1%          4
 Poisonous Vapours        Pois/Air       24%        N/A       2%          2
 Manifold Assault         Tloc           40%        N/A       4%          4
 Sting                    Tmut/Pois      48%        1d5       5%          1
 Olgreb's Toxic Radiance  Pois           12%        N/A       13%         4
 Dispersal                Tloc           20%        N/A       56%         6
 Blade Hands              Tmut           6%         N/A       82%         5
 Disjunction              Tloc           20%        N/A       100%        8

Inventory:

Hand Weapons
 a - a +2 dagger of protection (weapon) {short}
   (You took it off a goblin on level 2 of the Dungeon)
 c - a +0 short sword {short}
   (You found it on level 1 of the Dungeon)
 Q - a +0 rapier {short}
   (You found it on level 6 of the Dungeon)
Missiles
 g - 64 stones {throwing}
 j - 18 poisoned darts {throwing}
 k - 6 boomerangs {throwing}
 l - a throwing net {=f!fthrowing}
 H - 4 curare-tipped darts {=fthrowing}
Armour
 n - a +0 cloak (worn)
   (You found it on level 2 of the Dungeon)
 w - a +0 pair of gloves (worn)
   (You found it on level 8 of the Dungeon)
 z - a +0 chain mail
   (You took it off an orc on level 9 of the Dungeon)
 A - a +0 helmet (worn)
   (You took it off Robin on level 2 of the Dungeon)
 D - a +0 robe (worn)
 E - a scarf of invisibility
   (You found it on level 1 of the Lair of Beasts)
Magical Staves
 o - a staff of fire {!astaff}
   (You found it on level 2 of the Dungeon)
 p - a staff of fire {!astaff}
   (You found it on level 2 of the Dungeon)
Jewellery
 t - a ring of protection from fire
   (You found it on level 8 of the Dungeon)
 y - a ring of magical power (right hand)
   (You found it on level 9 of the Dungeon)
 I - a ring of poison resistance (left hand)
   (You found it on level 4 of the Dungeon)
 X - a ring of see invisible
   (You found it on level 6 of the Dungeon)
Wands
 q - a wand of roots (5)
   (You found it on level 8 of the Dungeon)
 G - a wand of acid (7)
   (You found it on level 1 of the Lair of Beasts)
Scrolls
 h - a scroll of fog
 m - 2 scrolls of blinking {!r}
 r - 5 scrolls of teleportation {@r4}
 x - 4 scrolls of fear
 B - a scroll of amnesia {unknown}
 P - a scroll of enchant weapon
 V - a scroll of noise {!r}
Potions
 b - a potion of magic
 d - 4 potions of heal wounds {@q2}
 e - 3 potions of ambrosia
 f - 3 potions of might
 i - 2 potions of flight
 s - 2 potions of mutation {!q}
 u - 2 potions of attraction {unknown}
 v - 3 potions of berserk rage {!q}
 C - a potion of cancellation {unknown}
 F - 7 potions of curing {@q1}
 J - 4 potions of haste {@q3}
 O - a potion of invisibility {unknown}
 S - a potion of brilliance {unknown}
 W - 2 potions of degeneration {unknown}

Dungeon Overview and Level Annotations

Branches:
Dungeon (10/15) Zot: 26467  Temple (1/1) D:6 Zot: 5886    Lair (1/5) D:9 Zot: 5389
Ossuary (visited)
    Orc: D:9-12

Altars:
Ashenzari
Cheibriados
Dithmenos
Elyvilon
Fedhas
Gozag
Hepliaklqana
Kikubaaqudgha
Makhleb
Nemelex Xobeh
Okawaru
Qazlal
Ru
Sif Muna
Trog
Vehumet
Wu Jian
Xom
Yredelemnul
Zin
The Shining One

Annotations:
D:9 4 transporters, 1 runed translucent door, exclusion: downstairs, purpskrrrp's ghost, novice DsFi
D:10 Urug

......#....#............#
##..##.....#.....#......#.....#..
...........#............#........
...........#.####.......###.###..
................P................
.................................
................*................
....)...........lk...............
#####...........@.......##..##.##
##.###..................#########
....##......#.#.####....##.....##
....##.....#............#........
....##.............#.....#.......
.....#.....#.......#...........#.
....#......#.......#...........##
..####.............+....#########
.#####...<...####.#......####.#.#


You could see a rime drake, a wyvern (ally target) and a friendly fulminant
prism.


Message History

The flash freeze hits you!!
Ouch! That really hurt!
* * * LOW HITPOINT WARNING * * *
You are encased in ice.
Casting: Iskenderun's Mystic Blast (safe; 1% risk of failure)
Confirm with . or Enter, or press ? or * to list all spells.
You erupt in a blast of force!
The mystic blast hits the rime drake!
You kill the rime drake!
Vehumet accepts your kill.
You hear an angry hiss.
You hear a howl!
Training target 10.0 for Spellcasting reached!
Your Spellcasting skill increases to level 10!
The ice encasing you melts away.
Danger!
There is a staircase back to the Dungeon, spattered with blood here.
You start resting.
Unknown command.
You start resting.
Unknown command.
Unknown command.
Unknown command.
Casting: Iskenderun's Mystic Blast (safe; 1% risk of failure)
Confirm with . or Enter, or press ? or * to list all spells.
Okay, then.
Unknown command.
Unknown command.
Okay, then.
Unknown command.
Unknown command.
A wyvern comes into view.
A komodo dragon comes into view.
The wyvern moves out of view.
Danger!
Unknown command.
Casting: Iskenderun's Mystic Blast (safe; 1% risk of failure)
Confirm with . or Enter, or press ? or * to list all spells.
Aiming: Fulminant Prism (safe; 1% risk of failure)
Press: ? - help, Dir - move target You conjure a prism of explosive energy!
A fulminant prism comes into view.
Unknown command.
Your fulminant prism crackles loudly.
The komodo dragon bites your fulminant prism!
The blast of energy engulfs the komodo dragon!
You hear an angry hiss. x2
Unknown command.
Casting: Fulminant Prism (safe; 1% risk of failure)
Confirm with . or Enter, or press ? or * to list all spells.
Aiming: Fulminant Prism (safe; 1% risk of failure)
Press: ? - help, Dir - move target You conjure a prism of explosive energy!
A fulminant prism comes into view.
Unknown command.
Your fulminant prism crackles loudly.
The blast of energy engulfs the komodo dragon!!
You hear a howl!
Unknown command.
Casting: Fulminant Prism (safe; 1% risk of failure)
Confirm with . or Enter, or press ? or * to list all spells.
Aiming: Fulminant Prism (safe; 1% risk of failure)
Press: ? - help, Dir - move target You conjure a prism of explosive energy!
A fulminant prism comes into view.
The wyvern attacks as you move away! The wyvern misses you.
The rime drake breathes ice at you. The flash freeze hits you!!
Ouch! That really hurt!
* * * LOW HITPOINT WARNING * * *
You are encased in ice.
Your fulminant prism crackles loudly.
The wyvern attacks as you move away! The wyvern closely misses you.
The wyvern completely misses you.
The blast of energy engulfs the wyvern!!
The blast of energy engulfs the komodo dragon!!
You kill the komodo dragon!
Vehumet accepts your kill.
You feel your power returning.
You hear a howl!
Unknown command.
Unknown command.
Casting: Fulminant Prism (safe; 1% risk of failure)
Confirm with . or Enter, or press ? or * to list all spells.
Aiming: Fulminant Prism (safe; 1% risk of failure)
Press: ? - help, Dir - move target You conjure a prism of explosive energy!
A fulminant prism comes into view.
The wyvern closely misses you. The rime drake completely misses you.
The wyvern bites you!
* * * LOW HITPOINT WARNING * * *
Unknown command.
The rime drake attacks as you move away!
The rime drake bites you but does no damage.
The ice encasing you melts away. The rime drake breathes ice at you.
The flash freeze hits you!
* * * LOW HITPOINT WARNING * * *
You are encased in ice.
Your fulminant prism crackles loudly.
The wyvern bites you but does no damage.
The wyvern attacks as you move away! The wyvern bites you!
You die...

Skill      XL: |  1  2  3  4  5  6  7  8  9 10 11 |
---------------+----------------------------------+-----
Spellcasting   | 3 4 5 6 8 10 | 10.0
Conjurations   | 5 6 7 10 11 12 | 12.8
Hexes          | 2 3 5 6 |  6.0
Translocations | 4 6 |  6.0
Dodging        | |  2.4
Stealth        | |  2.6

Action                   |  1- 3 |  4- 6 |  7- 9 | 10-12 || total
-------------------------+-------+-------+-------+-------++-------
Melee: Short sword       |    13 |     2 |       |       ||    15
       Dagger            |       |     1 |    34 |    14 ||    49
       Punch             |       |       |     5 |     1 ||     6
 Cast: Magic Dart        |    61 |    72 |    40 |     7 ||   180
       Searing Ray       |     2 |    11 |    37 |     4 ||    54
       Fulminant Prism   |       |       |    35 |    72 ||   107
       Iskenderun's Myst |       |       |       |    19 ||    19
  Use: Scroll            |       |     8 |     9 |       ||    17
 Stab: Distracted        |     1 |       |       |       ||     1
       Sleeping          |       |     1 |     1 |       ||     2
Armor: Robe              |     2 |     3 |    29 |     9 ||    43
Dodge: Dodged            |    24 |    15 |    69 |    34 ||   142

Levels and vault maps discovered:
D:1:      psy_arrival_conway, layout_basic, serial_bayou_pond_b,
          dreamdust_mushroom_princess
D:2:      layout_loops_ring, dreamdust_ecumenical_altar_grove, uniq_sigmund,
          uniq_robin
D:3:      layout_rooms
D:4:      layout_basic, kennysheep_generic_room_8
D:5:      layout_cave_pools, lemuel_doored_altar
D:6:      layout_basic, kennysheep_mini_moat, minmay_temple_entry_nine_rooms,
          chequers_serial_rivers_micro_c
D:7:      layout_loops_corners, enter_ossuary_2, st_stairs_8, minivault_27,
          chequers_big_river
D:8:      layout_loops_ring, overflow_temple_1_default
D:9:      layout_stronghold, erik_lair_orcish_takeover, ebering_ghost_xom,
          nicolae_diode_intersection
D:10:     layout_basic, enter_bailey_2, uniq_urug, uniq_psyche
Temple:   nicolae_temple_bog_church
Lair:1:   dreamdust_labyrinth, layout_regular_city, lemuel_fruit_tree,
          uniq_sonja

Notes
Turn   | Place    | Note
-------+----------+-------------------------------------------
     0 | D:1      | Sobieck the Kobold Conjurer began the quest for the Orb.
     0 | D:1      | Reached XP level 1. HP: 10/10 MP: 3/3
   133 | D:1      | Reached XP level 2. HP: 15/15 MP: 1/5
   141 | D:1      | Learned a level 2 spell: Searing Ray
   230 | D:1      | You add the spells Sting, Poisonous Vapours and Olgreb's
                  | Toxic Radiance to your library.
   568 | D:1      | Reached XP level 3. HP: 19/19 MP: 5/7
   757 | D:1      | Reached skill level 3 in Spellcasting
  1606 | D:2      | Reached XP level 4. HP: 21/24 MP: 4/8
  1652 | D:2      | Learned a level 4 spell: Fulminant Prism
  1735 | D:2      | Noticed Sigmund
  1846 | D:2      | Killed Sigmund
  1847 | D:2      | Reached skill level 4 in Spellcasting
  1847 | D:2      | Reached skill level 5 in Conjurations
  1847 | D:2      | Reached skill level 2 in Hexes
  1847 | D:2      | Reached XP level 5. HP: 18/28 MP: 1/11
  1847 | D:2      | Reached XP level 6. HP: 21/32 MP: 1/12
  2187 | D:2      | Noticed Robin
  2191 | D:2      | Killed Robin
  2300 | D:2      | Reached skill level 6 in Conjurations
  2423 | D:2      | Found a faded altar of an unknown god.
  3716 | D:4      | Reached XP level 7. HP: 31/36 MP: 9/13
  3928 | D:4      | Reached skill level 3 in Hexes
  4338 | D:4      | Reached skill level 5 in Spellcasting
  4338 | D:4      | Reached XP level 8. HP: 41/41 MP: 9/15
  4574 | D:5      | Entered Level 5 of the Dungeon
  4586 | D:5      | Reached skill level 4 in Hexes
  4592 | D:5      | Reached skill level 7 in Conjurations
  4813 | D:5      | You pick up a book of the Warp and begin reading...
  4813 | D:5      | You add the spells Manifold Assault, Dispersal and
                  | Disjunction to your library.
  5381 | D:5      | Found a blossoming altar of Fedhas.
  5656 | D:6      | Reached skill level 6 in Spellcasting
  5660 | D:6      | Reached skill level 5 in Hexes
  5824 | D:6      | You pick up a book of Flames and begin reading...
  5824 | D:6      | You add the spells Foxfire, Inner Flame, Sticky Flame and
                  | Flame Wave to your library.
  5829 | D:6      | Found a sparkling altar of Nemelex Xobeh.
  5836 | D:6      | Reached XP level 9. HP: 45/45 MP: 14/18
  5841 | D:6      | Reached skill level 8 in Conjurations
  6202 | D:6      | Reached skill level 6 in Hexes
  6365 | D:6      | Found a staircase to the Ecumenical Temple.
  6370 | Temple   | Entered the Ecumenical Temple
  6450 | Temple   | Became a worshipper of Vehumet
  6820 | D:6      | Reached skill level 9 in Conjurations
  7219 | D:7      | Found a sand-covered staircase.
  7224 | Ossuary  | Entered an ossuary
  7321 | Ossuary  | Reached * piety under Vehumet
  7321 | Ossuary  | Offered knowledge of Shock by Vehumet.
  7962 | D:7      | Reached skill level 10 in Conjurations
  8467 | D:7      | Offered knowledge of Static Discharge by Vehumet.
  8532 | D:7      | Reached XP level 10. HP: 28/50 MP: 5/20
  8615 | D:7      | Learned a level 4 spell: Iskenderun's Mystic Blast
  9257 | D:8      | Reached skill level 1 in Translocations
  9334 | D:8      | Reached skill level 7 in Spellcasting
  9344 | D:8      | Reached ** piety under Vehumet
  9344 | D:8      | Noticed a two-headed ogre
  9347 | D:8      | Killed a two-headed ogre
  9348 | D:8      | Reached skill level 3 in Translocations
  9475 | D:8      | Upgraded the game from 0.30-a0-187-gd9c2deaf24 to
                  | 0.30-a0-210-g01b79a254e
  9549 | D:8      | Reached skill level 11 in Conjurations
  9666 | D:8      | Found a glowing silver altar of Zin.
  9837 | D:8      | You pick up a book of Weapons and begin reading...
  9837 | D:8      | You add the spells Tukima's Dance, Portal Projectile and
                  | Blade Hands to your library.
 10464 | D:9      | Found a transporter.
 10489 | D:9      | Found a transporter.
 10536 | D:9      | Found a transporter.
 10568 | D:9      | Found a transporter.
 10621 | D:9      | Found a staircase to the Lair.
 10630 | D:9      | Reached skill level 8 in Spellcasting
 10630 | D:9      | Reached skill level 4 in Translocations
 11273 | D:9      | Reached XP level 11. HP: 54/54 MP: 22/23
 11276 | D:9      | Offered knowledge of Frozen Ramparts by Vehumet.
 11277 | D:9      | Reached skill level 5 in Translocations
 11407 | D:9      | Found a runed translucent door.
 11407 | D:9      | Found a shimmering altar of Xom.
 11407 | D:9      | Noticed purpskrrrp's ghost (novice DsFi)
 11407 | D:9      | Noticed a +2 rapier of chaos
 11593 | D:9      | Noticed a cyan ugly thing
 11606 | D:9      | Killed a cyan ugly thing
 11850 | D:10     | Entered Level 10 of the Dungeon
 11850 | D:10     | Noticed Urug
 12081 | Lair:1   | Entered Level 1 of the Lair of Beasts
 12108 | Lair:1   | Noticed Sonja
 12112 | Lair:1   | Killed Sonja
 12113 | Lair:1   | Reached skill level 9 in Spellcasting
 12113 | Lair:1   | Reached skill level 12 in Conjurations
 12113 | Lair:1   | Reached skill level 6 in Translocations
 12207 | Lair:1   | Reached *** piety under Vehumet
 12864 | Lair:1   | Reached skill level 10 in Spellcasting
 12988 | Lair:1   | HP: 4/54 [rime drake/flash freeze (16)]
 12989 | Lair:1   | Mangled by a wyvern

Vanquished Creatures
  A two-headed ogre (D:8)
  Sonja (Lair:1)
  An ugly thing (D:9)
  2 cane toads (Lair:1)
  A rime drake (Lair:1)
  A komodo dragon (Lair:1)
  Sigmund (D:2)
  18 yaks
  3 wargs (D:9)
  2 steam dragons
  3 water moccasins (Lair:1)
  2 ice beasts (D:7)
  An orc warrior (D:7)
  A sky beast (D:7)
  3 black bears
  A wolf (Lair:1)
  2 ogres (D:6)
  4 phantoms
  3 centaurs
  2 kobold brigands
  4 bullfrogs
  4 scorpions
  A gnoll sergeant (D:8)
  2 necrophages (D:6)
  2 water moccasin zombies (Ossuary)
  2 electric eels (D:7)
  6 howler monkeys
  A jelly (D:4)
  2 gnoll boudas (D:6)
  3 orc priests
  2 hounds (D:4)
  2 iguanas (D:5)
  5 orc wizards
  2 mummies (Ossuary)
  Robin (D:2)
  13 gnolls
  2 adders (D:2)
  A shadow imp (D:7)
  2 white imps
  6 adder zombies (Ossuary)
  A worm (D:2)
  3 dart slugs
  22 orcs
  5 ball pythons
  9 bats
  8 endoplasms
  2 giant cockroaches
  19 goblins
  14 hobgoblins
  4 jackals (D:1)
  5 quokkas
  4 frilled lizards
  4 gnoll zombies (Ossuary)
  4 hobgoblin zombies (Ossuary)
  16 kobolds
  7 kobold zombies (Ossuary)
  2 orc zombies (Ossuary)
  5 rats
  A fulminant prism (Lair:1)
251 creatures vanquished.

Vanquished Creatures (others)
  105 fulminant prisms
  16 fungi
  27 plants
148 creatures vanquished.

Grand Total: 399 creatures vanquished

Table legend:
 A = Non-vault XP
 B = Vault XP
 C = Vault XP percentage of total XP
 D = Non-vault monster count
 E = Vault monster count
 F = Vault count percentage of total count
                 A         B        C        D         E       F
            +---------+---------+-------+---------+---------+-------
      Total |   11934 |    1943 |  14.0 |     193 |      57 |  22.8
            +---------+---------+-------+---------+---------+-------
        D:1 |      56 |       9 |  13.8 |      32 |       5 |  13.5
        D:2 |      53 |     279 |  84.0 |      16 |      14 |  46.7
        D:3 |      51 |       0 |   0.0 |      24 |       0 |   0.0
        D:4 |     607 |       2 |   0.3 |      15 |       1 |   6.2
        D:5 |     590 |       0 |   0.0 |      15 |       0 |   0.0
        D:6 |    1017 |       0 |   0.0 |      18 |       0 |   0.0
        D:7 |    1200 |      11 |   0.9 |      13 |       1 |   7.1
        D:8 |    2104 |       0 |   0.0 |      25 |       0 |   0.0
        D:9 |    2397 |     617 |  20.5 |      16 |       8 |  33.3
       D:10 |     355 |       0 |   0.0 |       4 |       0 |   0.0
     Lair:1 |    3504 |     782 |  18.2 |      15 |       1 |   6.2
    Ossuary |       0 |     243 | 100.0 |       0 |      27 | 100.0
            +---------+---------+-------+---------+---------+-------

Illustrated notes

Table legend:
 A = Kills in this place as a percentage of kills in entire the game.
 B = Kills by you in this place as a percentage of kills by you in the entire game.
 C = Kills by friends in this place as a percentage of kills by friends in the entire game.
 D = Other kills in this place as a percentage of other kills in the entire game.
 E = Experience gained in this place as a percentage of experience gained in the entire game.
 F = Experience gained in this place divided by the number of levels of this place that you have seen.
                   A       B       C       D       E      F
               +-------+-------+-------+-------+-------+----------------------
         Total | 100.0 | 100.0 |   N/A |   N/A | 100.0 | 1067.5
       Dungeon |  82.8 |  82.8 |   N/A |   N/A |  67.4 | 934.8
          Lair |   6.4 |   6.4 |   N/A |   N/A |  30.9 | 4286.0
       Ossuary |  10.8 |  10.8 |   N/A |   N/A |   1.8 | 243.0
               +-------+-------+-------+-------+-------+----------------------

Table legend: (Time is in decaauts)
 A = Elapsed time spent in this place.
 B = Non-inter-level travel time spent in this place.
 C = Inter-level travel time spent in this place.
 D = Time resting spent in this place.
 E = Time spent auto-exploring this place.
 F = Levels seen in this place.
 G = Mean time per level.
                   A        B        C        D        E       F      G
               +--------+--------+--------+--------+--------+-----+--------+
         Total |  13021 |  12667 |    354 |   3003 |   7541 |  13 | 1001.6 |
       Dungeon |  11885 |  11558 |    327 |   2543 |   7473 |  10 | 1188.5 |
        Temple |    113 |     87 |     26 |      0 |     64 |   1 |  113.0 |
          Lair |    610 |    610 |      0 |    206 |      4 |   1 |  610.0 |
       Ossuary |    411 |    411 |      0 |    254 |      0 |   1 |  411.0 |
               +--------+--------+--------+--------+--------+-----+--------+

Top non-repeatable levels by time:
     D:9: 1849 daAuts
     D:7: 1843 daAuts
     D:1: 1527 daAuts
     D:2: 1299 daAuts
     D:6: 1256 daAuts
     D:4: 1116 daAuts
     D:8: 1088 daAuts
     D:5: 1021 daAuts
     D:3: 735 daAuts
  Lair:1: 610 daAuts
 Ossuary: 411 daAuts
    D:10: 148 daAuts
  Temple: 113 daAuts
